 Dungeon Crawl Stone Soup version 0.26.1-11-gd32895ea62 (webtiles) character file.

Game seed: 18284452026280752594

67 Zeld the Sneak (level 4, -3/22 HPs)
             Began as a Spriggan Brigand on June 4, 2021.
             Killed from afar by Sigmund (7 damage)
             ... with a magic dart
             ... on level 2 of the Dungeon.
             The game lasted 00:03:54 (2921 turns).

Zeld the Sneak (Spriggan Brigand)                   Turns: 2921, Time: 00:03:55

Health: -3/22      AC:  3    Str:  7    XL:     4   Next: 0%
Magic:  5/5        EV: 17    Int: 12    God:
Gold:   24         SH:  0    Dex: 18    Spells: 3/3 levels left

rFire    . . .     SeeInvis +   a - +2 dagger
rCold    . . .     Faith    .   (shield restricted)
rNeg     . . .     Spirit   .   b - +0 robe
rPois    .         Reflect  .   (helmet restricted)
rElec    .         Harm     .   c - +0 cloak
rCorr    .         Rampage  .   (gloves unavailable)
Will     .....                  (boots unavailable)
Stlth    +++.......             (no amulet)
HPRegen  0.07/turn              (no ring)
MPRegen  0.09/turn              (no ring)

@: very quick
A: very small, unfitting armour, see invisible, speed 3
a: no special abilities


You were on level 2 of the Dungeon.
You visited 1 branch of the dungeon, and saw 2 of its levels.

You collected 24 gold pieces.

Inventory:

Hand Weapons
 a - a +2 dagger (weapon)
Missiles
 d - 8 poisoned darts (quivered)
 e - 2 curare-tipped darts
Armour
 b - a +0 robe (worn)
 c - a +0 cloak (worn)
Wands
 n - a wand of iceblast (7)
Scrolls
 g - 2 scrolls of identify {unknown}
 i - a scroll of enchant weapon {unknown}
 j - a scroll of remove curse {unknown}
 m - a scroll of teleportation {unknown}
 q - a scroll of enchant armour {unknown}
Potions
 f - a potion of attraction {unknown}
 h - a potion of cancellation {unknown}
 k - a potion of resistance {unknown}
 l - a potion of flight {unknown}
 o - 2 potions of invisibility {unknown}
 p - a potion of curing {unknown}


   Skills:
 - Level 1.5 Fighting
 * Level 3.7 Short Blades
 * Level 3.3 Throwing
 - Level 1.5 Dodging
 - Level 5.8 Stealth


You had 3 spell levels left.
You didn't know any spells.
Your spell library was empty.

Dungeon Overview and Level Annotations

Branches:
Dungeon (2/15)

Altars:
Elyvilon
Ru

Annotations:
D:2 Sigmund


Innate Abilities, Weirdness & Mutations

You are very small and have problems with some larger weapons.
You are too small for most types of armour.
You have supernaturally acute eyesight. (SInv)
You cover ground extremely quickly.


Message History

Things that are here:
a cursed -3 club; a hobgoblin corpse You start resting.
Sigmund is nearby!
Sigmund gestures at you while chanting. The magic dart hits you!
Sigmund is nearby!
Sigmund gestures at himself while chanting.
Sigmund flickers and vanishes for a moment.
There is a stone staircase leading up here.
You start resting.
Sigmund is nearby!
Sigmund is nearby!
There is a shaft here.
Sigmund casts a spell at you. The magic dart hits you!
* * * LOW HITPOINT WARNING * * *
Sigmund casts a spell at you. The magic dart hits you!
You die...

#.#.# ######รท...##
#.#.# ####.#
####.#.##### #.#
###########..........#
#.#
..................##.#
#.#
#####.###.@.[.....##.#
#.# #.# ###.#.#..###.#
.#. #.# #@#.#..###.# # #
#.# #.<..^@.)..#######
#.#####..#..............
#.#.....................
#@#.###.########.#######
#.#.# #..........#
#####.#.# #.########.#
@.)...#.# #.# #.#
#######.# #.# #.# #.#
#.# #.#


You could see Sigmund (invisible).

Vanquished Creatures
  3 adders (D:2)
  A dart slug (D:1)
  A ball python (D:2)
  5 bats
  3 giant cockroaches
  4 goblins
  4 hobgoblins
  4 jackals (D:1)
  3 frilled lizards
  6 kobolds (D:1)
  4 rats (D:1)
38 creatures vanquished.

Notes
Turn   | Place    | Note
-------+----------+-------------------------------------------
     0 | D:1      | Zeld the Spriggan Brigand began the quest for the Orb.
     0 | D:1      | Reached XP level 1. HP: 10/10 MP: 2/2
   297 | D:2      | Reached XP level 2. HP: 5/14 MP: 3/3
  1390 | D:1      | Reached XP level 3. HP: 8/18 MP: 4/4
  2413 | D:2      | Noticed Sigmund
  2416 | D:2      | Found a white marble altar of Elyvilon.
  2869 | D:2      | Found a sacrificial altar of Ru.
  2875 | D:2      | Reached XP level 4. HP: 22/22 MP: 5/5
  2921 | D:2      | Killed from afar by Sigmund

Illustrated notes

Levels and vault maps discovered:
D:1:      mainiacjoe_arrival_reflecting_pool, layout_loops_ring,
          minmay_circled_x
D:2:      layout_loops_ring, overflow_temple_1_default,
          overflow_temple_1_default, uniq_jessica, uniq_sigmund

Skill      XL: |  1  2  3 |
---------------+----------+-----
Short Blades   | 3 |  3.7
Throwing       | 3 |  3.3
Fighting       | |  1.5
Dodging        | |  1.5
Stealth        | |  5.8

Action                   |  1- 3 |  4- 6 || total
-------------------------+-------+-------++-------
Melee: Dagger            |   138 |     1 ||   139
 Stab: Sleeping          |     7 |       ||     7
       Distracted        |     1 |       ||     1
Armor: Robe              |    18 |       ||    18
Dodge: Dodged            |   129 |     1 ||   130
